 Dungeon Crawl Stone Soup version 0.21.1-1-g345015f (webtiles) character file.

4851 sking99 the Grappler (level 10, -12/153 HPs)
             Began as a Troll Monk on June 23, 2018.
             Mangled by an orc warrior
             ... wielding a +0 glaive
              (20 damage)
             ... on level 9 of the Dungeon.
             The game lasted 00:18:17 (7341 turns).

sking99 the Grappler (Troll Monk)                   Turns: 7341, Time: 00:18:18

Health: -12/153    AC: 25    Str: 21    XL:     10   Next: 25%
Magic:  18/18      EV:  1    Int:  6    God:
Gold:   581        SH:  0    Dex: 15    Spells: 9/9 levels left

rFire    . . .     SeeInvis .     - Unarmed
rCold    . . .     Gourm    +   (no shield)
rNeg     + + +     Faith    .   (armour currently unavailable)
rPois    +         Spirit   .   (helmet currently unavailable)
rElec    .         Reflect  .   (cloak currently unavailable)
rCorr    .         Harm     .   (gloves unavailable)
MR       .....     NoTele   +   (boots unavailable)
Stlth    ++........             (no amulet)
HPRegen  0.75/turn              o - ring of magical power
MPRegen  0.16/turn              c - ring of positive energy

@: tree-form
A: large, unfitting armour, fast metabolism 3, gourmand, regeneration 1
a: no special abilities


You were on level 9 of the Dungeon.
You were very full.
You were a tree.
You visited 2 branches of the dungeon, and saw 10 of its levels.

You collected 581 gold pieces.

Inventory:

Missiles
 t - 2 throwing nets
 v - 32 stones (quivered)
Armour
 a - a +0 robe (melded)
Jewellery
 c - a ring of positive energy (right branch)
 o - a ring of magical power (left branch)
Wands
 e - a wand of polymorph (12)
 l - a wand of acid (5)
 s - a wand of clouds (8)
 w - a wand of iceblast (10)
Scrolls
 d - a scroll of blinking {unknown}
 f - 2 scrolls of teleportation
 h - 2 scrolls of remove curse
 i - 4 scrolls of immolation
 p - a scroll of fog {unknown}
 u - a scroll of identify
 y - a scroll of enchant armour {unknown}
Potions
 j - a potion of agility
 q - 2 potions of haste {unknown}
 r - 2 potions of curing
 x - a potion of might
Books
 n - a book of Geomancy

   Spells                             Type                      Level
   a - Sandblast                      Earth                        1
   b - Passwall                       Transmutation/Earth          2
   c - Stone Arrow                    Conjuration/Earth            3
   d - Petrify                        Transmutation/Earth          4
   e - Lee's Rapid Deconstruction     Earth                        5
Comestibles
 b - 14 rations


   Skills:
 + Level 7.0 Fighting
 + Level 3.2 Throwing
 + Level 7.0 Dodging
 - Level 1.0 Stealth
 - Level 10.1 Unarmed Combat


You had 9 spell levels left.
You didn't know any spells.

Dungeon Overview and Level Annotations

Branches:
Dungeon (9/15)             Temple (1/1) D:5            Lair (0/6) D:9
    Orc: D:9-12

Altars:
Ashenzari
Cheibriados
Dithmenos
Elyvilon
Fedhas
Gozag
Hepliaklqana
Kikubaaqudgha
Makhleb
Okawaru
Qazlal
Ru
Sif Muna
Trog
Uskayaw
Vehumet
Wu Jian
Xom
Yredelemnul
Zin
The Shining One

Shops:
D:8 [


Innate Abilities, Weirdness & Mutations

You are too large for most types of armour.
((You have claws for hands.))
Your metabolism is lightning-fast.
You like to eat raw meat.
Your natural rate of healing is unusually fast.
((You are covered in fur. (AC +1)))
((You have very tough skin. (AC +2)))


Message History

You turn into a tree.
Your +0 robe melds into your body.
Your roots penetrate the ground.
The basilisk bites you but does no damage.
The orc priest casts a cantrip, but nothing happens.
The orc warrior hits you from afar with a glaive.
* * * LOW HITPOINT WARNING * * *
You smack the basilisk!
The basilisk is severely wounded.
The basilisk bites you but does no damage.
You pummel the basilisk!!
You kill the basilisk!
Your Dodging skill increases to level 7!
The orc warrior hits you but does no damage.
You barely miss the orc. You punch the orc.
The orc is moderately wounded.
The orc hits you but does no damage.
You smack the orc!
You kill the orc!
The orc warrior hits you from afar with a glaive!!
You die...

### ..# .#.## ##.....
##....... ##........
####o..P.....
#.♣)o.....>..
#########.##..P......
#.........###.......l
#.##...##.####.......
#.#.........# ##....O
#....<....### ...##
#.#.....#.# .## #
##...##.# ## ##.###.#


You could see an orc warrior and an orc priest.

Vanquished Creatures
  A two-headed ogre (D:6)
  The ghost of Krapule the Blocker, a novice MiFi of Okawaru (D:8)
  An elephant (D:9)
  A yak (D:9)
  A basilisk (D:9)
  A hungry ghost (D:7)
  The ghost of RottenKnight the Caller, an amateur MfSu (D:4)
  A sky beast (D:6)
  An orc warrior (D:7)
  2 black bears
  4 ogres
  An ice beast (D:6)
  4 centaurs
  The ghost of RottenKnight the Caller, an amateur MfSu (D:3)
  A big kobold (D:8)
  A bullfrog (D:8)
  A scorpion (D:4)
  5 wights (D:7)
  3 crimson imps
  2 bullfrog zombies
  4 hounds
  5 orc priests
  A bullfrog skeleton (D:8)
  A centaur skeleton (D:3)
  Jessica (D:2)
  2 iguanas (D:8)
  7 orc wizards
  8 worker ants
  A hound zombie (D:8)
  A worker ant zombie (D:7)
  Robin (D:3)
  2 howler monkey skeletons (D:3)
  6 adders
  A shadow imp (D:9)
  An ooze (D:2)
  2 adder zombies
  4 adder skeletons
  4 worms
  3 dart slugs
  4 leopard geckos
  28 orcs
  A ball python (D:3)
  3 bats
  2 giant cockroaches
  19 goblins
  4 hobgoblins
  3 jackals (D:6)
  10 kobolds
  7 quokkas
  3 frilled lizards
  A giant cockroach zombie (D:3)
  A leopard gecko zombie (D:5)
  A quokka skeleton (D:3)
  7 rats
183 creatures vanquished.

Vanquished Creatures (others)
  A plant (D:9)
1 creature vanquished.

Grand Total: 184 creatures vanquished

Notes
Turn   | Place    | Note
-------+----------+-------------------------------------------
     0 | D:1      | sking99 the Troll Monk began the quest for the Orb.
     0 | D:1      | Reached XP level 1. HP: 22/22 MP: 0/0
   296 | D:1      | Reached XP level 2. HP: 26/29 MP: 1/1
   790 | D:2      | Reached XP level 3. HP: 36/36 MP: 2/2
   942 | D:2      | Noticed Jessica
   949 | D:2      | Killed Jessica
   949 | D:2      | Reached skill level 4 in Unarmed Combat
   949 | D:2      | Reached XP level 4. HP: 44/44 MP: 3/3
  1382 | D:2      | Found a bloodstained altar of Trog.
  1779 | D:3      | Noticed RottenKnight's ghost (amateur MfSu)
  1792 | D:3      | Found a sacrificial altar of Ru.
  1919 | D:3      | Noticed Robin
  1935 | D:3      | Killed Robin
  1946 | D:3      | Reached XP level 5. HP: 28/53 MP: 4/4
  2015 | D:3      | Found a snail-covered altar of Cheibriados.
  2015 | D:3      | Found a hazy altar of Hepliaklqana.
  2020 | D:3      | Found a glowing golden altar of the Shining One.
  2022 | D:3      | Found a faded altar of an unknown god.
  2023 | D:3      | Found a faded altar of an unknown god.
  2296 | D:3      | Killed RottenKnight's ghost
  2296 | D:3      | Reached skill level 5 in Unarmed Combat
  2491 | D:3      | Reached XP level 6. HP: 51/61 MP: 5/5
  2892 | D:4      | Noticed RottenKnight's ghost (amateur MfSu)
  2921 | D:4      | Killed RottenKnight's ghost
  2921 | D:4      | Reached skill level 6 in Unarmed Combat
  2921 | D:4      | Reached XP level 7. HP: 45/68 MP: 6/6
  3316 | D:4      | Found a blossoming altar of Fedhas.
  3468 | D:5      | Entered Level 5 of the Dungeon
  3536 | D:5      | Reached skill level 7 in Unarmed Combat
  3613 | D:5      | Reached XP level 8. HP: 44/79 MP: 7/7
  4011 | D:5      | Found a staircase to the Ecumenical Temple.
  4019 | Temple   | Entered the Ecumenical Temple
  4404 | D:6      | Reached skill level 8 in Unarmed Combat
  4432 | D:6      | Reached skill level 5 in Fighting
  4432 | D:6      | Reached skill level 5 in Dodging
  4693 | D:6      | Noticed a two-headed ogre
  4709 | D:6      | Killed a two-headed ogre
  4709 | D:6      | Reached skill level 9 in Unarmed Combat
  4709 | D:6      | Reached XP level 9. HP: 89/89 MP: 8/8
  4912 | D:6      | Found a blossoming altar of Fedhas.
  5101 | D:6      | Found an opulent altar of Gozag.
  5536 | D:7      | Reached skill level 10 in Unarmed Combat
  6222 | D:8      | Noticed Krapule's ghost (novice MiFi)
  6399 | D:8      | Killed Krapule's ghost
  6425 | D:8      | Found a shadowy altar of Dithmenos.
  6616 | D:8      | Found a shimmering altar of Xom.
  6631 | D:8      | Reached XP level 10. HP: 96/100 MP: 9/9
  6662 | D:8      | Found Lienid's Antique Armour Boutique.
  7289 | D:9      | Noticed an elephant
  7290 | D:9      | Found a staircase to the Lair.
  7302 | D:9      | Killed an elephant
  7337 | D:9      | HP: 6/153 [orc warrior/glaive (4)]
  7341 | D:9      | Mangled by an orc warrior

Skill      XL: |  1  2  3  4  5  6  7  8  9 10 |
---------------+-------------------------------+-----
Unarmed Combat | 4 5 6 7 9 10 | 10.1
Fighting       | 3 4 5 6 7 |  7.0
Dodging        | 3 4 5 6 7 |  7.0
Throwing       | 2 3 |  3.2
Stealth        | |  1.0

Action                   |  1- 3 |  4- 6 |  7- 9 | 10-12 || total
-------------------------+-------+-------+-------+-------++-------
Melee: Unarmed           |    58 |   162 |   291 |    64 ||   575
       Punch             |     1 |     4 |    12 |     4 ||    21
Throw: Stone             |       |       |     3 |     5 ||     8
  Use: Scroll            |       |     8 |     4 |       ||    12
       Potion            |       |     2 |     3 |     3 ||     8
 Stab: Sleeping          |     1 |     3 |     3 |     1 ||     8
  Eat: Chunk             |    14 |    18 |    32 |     7 ||    71
       Ration            |       |       |     2 |       ||     2
Armor: Robe              |    20 |    50 |    53 |     9 ||   132
       Skin              |       |       |     3 |     4 ||     7
Dodge: Dodged            |    31 |    88 |   139 |    26 ||   284
